 Dungeon Crawl Stone Soup version 0.21-a0-529-g8c7b3f5 (webtiles) character file.

46 kae the Ruffian (level 3, -1/36 HPs)
             Began as a Troll Monk on Dec 10, 2017.
             Slain by a gnoll
             ... wielding a +1 spear of piercing
              (9 damage)
             ... on level 2 of the Dungeon.
             The game lasted 00:00:48 (874 turns).

kae the Ruffian (Troll Monk)                         Turns: 874, Time: 00:00:49

Health: -1/36      AC:  5    Str: 19    XL:     3   Next: 46%
Magic:  2/2        EV: 11    Int: 11    God:
Gold:   74         SH:  0    Dex: 13    Spells: 2/2 levels left

rFire    . . .     SeeInvis .     - Unarmed
rCold    . . .     Gourm    +   (no shield)
rNeg     . . .     Faith    .   a - +0 robe
rPois    .         Spirit   .   (helmet restricted)
rElec    .         Reflect  .   (no cloak)
rCorr    .         Harm     .   (gloves unavailable)
MR       .....                  (boots unavailable)
Stlth    ++........             (no amulet)
HPRegen  0.52/turn              (no ring)
MPRegen  0.08/turn              (no ring)

@: brilliant
A: large, unfitting armour, claws 3, fast metabolism 3, gourmand, regeneration
1, shaggy fur 1, tough skin 2
a: no special abilities


You were on level 2 of the Dungeon.
You were not hungry.

You visited 1 branch of the dungeon, and saw 2 of its levels.

You collected 74 gold pieces.

Inventory:

Armour
 a - a +0 robe (worn)
Scrolls
 c - a scroll of magic mapping
 f - a scroll of fear {unknown}
Potions
 e - a potion of resistance {unknown}
 g - 2 potions of invisibility {unknown}
 h - a potion of mutation {unknown}
 i - a potion of curing {unknown}
 k - 2 potions of haste {unknown}
Comestibles
 b - 3 bread rations
 j - 3 meat rations


   Skills:
 + Level 2.8 Fighting
 + Level 2.8 Dodging
 - Level 1.0 Stealth
 * Level 3.9 Unarmed Combat


You had 2 spell levels left.
You didn't know any spells.

Dungeon Overview and Level Annotations

Branches:
Dungeon (2/15)

Altars:
Ru


Innate Abilities, Weirdness & Mutations

You are too large for most types of armour.
You have claws for hands.
Your metabolism is lightning-fast.
You like to eat raw meat.
Your natural rate of healing is unusually fast.
You are covered in fur. (AC +1)
You have very tough skin. (AC +2)


Message History

You scratch the gnoll.
The gnoll is lightly wounded.
The gnoll barely misses you.
The gnoll hits you from afar with a spear!
You closely miss the gnoll.
The gnoll is lightly wounded.
The gnoll hits you with a spear of piercing.
The gnoll closely misses you. 2 gnolls come into view.
The gnoll shouts!
You scratch the gnoll but do no damage.
The gnoll is lightly wounded.
The gnoll throws a throwing net.
The throwing net closely misses you.
The gnoll hits you with a spear of piercing.
* * * LOW HITPOINT WARNING * * *
x2 It was a potion of brilliance.
You feel clever all of a sudden.
The gnoll moves out of view.
The gnoll closely misses you.
The gnoll hits you with a spear of piercing!
You die...

.##........>####.#***,,*
.##(...)<........###**,*
.##....)............,#,*
.##................,.#,*
.##...........##.##..#,*
##########....#...#..#,*
# #......_.g.,,,* #
###..#..g#,,.#* #
#..##@##...#
#......g...#
#..........#
#####....$.# *(.######
####### **.## ......####
*,.* #####....#####.#*
###........#


You could see 3 gnolls.

Vanquished Creatures
  An ooze (D:1)
  A dart slug (D:1)
  A leopard gecko (D:1)
  A ball python (D:2)
  4 giant cockroaches (D:1)
  6 goblins
  3 hobgoblins (D:1)
  4 bats
  4 frilled lizards
  7 kobolds
  6 rats
38 creatures vanquished.

Notes
Turn   | Place    | Note
-------+----------+-------------------------------------------
     0 | D:1      | kae the Troll Monk began the quest for the Orb.
     0 | D:1      | Reached XP level 1. HP: 22/22 MP: 0/0
    25 | D:1      | Reached XP level 2. HP: 20/29 MP: 1/1
   433 | D:1      | Reached XP level 3. HP: 36/36 MP: 2/2
   860 | D:2      | Found a sacrificial altar of Ru.
   874 | D:2      | Slain by a gnoll

Vault maps used:
D:1:      eino_arrival_water_star, st_stairs_1, minmay_misc_feat_doors,
          serial_bayou_pond_a
D:2:      nicolae_overflow_crystal_walls

Action                   || total
-------------------------++-------
Melee: Unarmed           ||    94
  Use: Scroll            ||     2
       Potion            ||     1
 Stab: Sleeping          ||     2
  Eat: Chunk             ||     9
Armor: Robe              ||    33
Dodge: Dodged            ||    62

Table legend:
 A = Spawn XP
 B = Non-spawn XP
 C = Spawn XP percentage of total XP
 D = Spawn monster count
 E = Non-spawn monster count
 F = Spawn count percentage of total count
 G = Total turns spent on level
                    A         B        C        D         E        F      G
               +---------+---------+-------+---------+---------+-------+---------
         Total |       0 |      67 |   0.0 |       0 |      38 |   0.0 |   874
               +---------+---------+-------+---------+---------+-------+---------
           D:1 |       0 |      52 |   0.0 |       0 |      29 |   0.0 |   643
           D:2 |       0 |      15 |   0.0 |       0 |       9 |   0.0 |   231
               +---------+---------+-------+---------+---------+-------+---------
